 Dungeon Crawl Stone Soup version 0.30.0-29-ga12c61a403 (webtiles) character file.

Game seed: 12252954418935229953

1088 cheesebisquit the Cleaver (level 8, 0/71 HPs)
             Began as a Hill Orc Monk on June 12, 2023.
             Was a Believer of Beogh.
             Slain by an ogre
             ... wielding a +0 giant club
              (6 damage)
             ... on level 6 of the Dungeon.
             The game lasted 00:09:36 (4435 turns).

cheesebisquit the Cleaver (Hill Orc Monk)           Turns: 4435, Time: 00:09:36

Health: 0/71       AC:  9    Str: 16    XL:     8   Next: 30%
Magic:  8/8        EV:  8    Int: 10    God:    Beogh [**....]
Gold:   294        SH:  0    Dex: 13    Spells: 7/7 levels left

rFire   . . .        D - +0 war axe
rCold   . . .        d - orb {light}
rNeg    . . .        p - +0 chain mail
rPois   +            (no helmet)
rElec   .            (no cloak)
rCorr   .            (no gloves)
SInv    .            (no boots)
Will    .....        o - amulet of regeneration Stlth
                     n - ring of flight
HPRegen 1.11/turn    s - ring of poison resistance
MPRegen 0.11/turn

%: no passive effects
@: flying, glowing
A: no striking features
a: Renounce Religion, Smiting


You were on level 6 of the Dungeon.
You worshipped Beogh.
Beogh was pleased with you.
You visited 2 branches of the dungeon, and saw 7 of its levels.

You collected 294 gold pieces.

Inventory:

Hand Weapons
 r - a +3 hand axe
 D - a +0 war axe (weapon)
Missiles
 b - 2 boomerangs (quivered)
 j - 7 poisoned darts
Armour
 d - an orb of light (worn)
 p - a +0 chain mail (worn)
Jewellery
 n - a ring of flight (left hand)
 o - an amulet of regeneration (around neck)
 s - a ring of poison resistance (right hand)
Wands
 B - a wand of flame (26)
Scrolls
 e - 4 scrolls of teleportation
 f - a scroll of fear
 h - a scroll of butterflies
 i - a scroll of amnesia
 l - 2 scrolls of blinking
 m - a scroll of magic mapping {unknown}
 t - a scroll of silence {unknown}
 u - a scroll of torment {unknown}
 v - a scroll of fog {unknown}
 x - a scroll of enchant weapon {unknown}
 y - a scroll of vulnerability {unknown}
 z - a scroll of poison {unknown}
 C - a scroll of noise {unknown}
Potions
 a - a potion of flight
 c - a potion of ambrosia
 g - a potion of magic
 k - 3 potions of might
 q - a potion of curing
 w - a potion of lignification {unknown}
 A - a potion of berserk rage {unknown}


   Skills:
 + Level 6.7 Fighting
 * Level 9.7 Axes
 + Level 4.9 Armour
 - Level 2.4 Dodging


You had 7 spell levels left.
You didn't know any spells.
Your spell library contained the following spells:

 Spells                   Type           Power      Damage    Failure   Level
 Ignite Poison            Fire/Tmut/Pois 0%         N/A       100%        3
 Passage of Golubria      Tloc           0%         N/A       100%        4
 Sticky Flame             Conj/Fire      0%         2d3       100%        4
 Silence                  Hex/Air        0%         N/A       100%        5
 Ignition                 Fire           0%         3d3       100%        8
 Lehudib's Crystal Spear  Conj/Erth      0%         10d2      100%        8


Dungeon Overview and Level Annotations

Branches:
Dungeon (6/15)             Temple (1/1) D:5

Altars:
Ashenzari
Dithmenos
Gozag
Hepliaklqana
Kikubaaqudgha
Makhleb
Qazlal
Trog
Uskayaw
Wu Jian
Xom
Zin
The Shining One


Message History

You fall asleep.
The sleepcap releases spores at you!
You wake up.
You are engulfed in a cloud of soporific spores!
You are unaffected.
You hit the sleepcap but do no damage.
The sleepcap is heavily damaged.
The sleepcap releases spores at you! The ogre hits you with a +0 giant club!
You hit the ogre.
The ogre is lightly wounded.
You slash the sleepcap! The sleepcap releases spores at you.
The ogre hits you with a +0 giant club!
* * * LOW HITPOINT WARNING * * *
You hit the ogre but do no damage.
The ogre is lightly wounded.
You hit the sleepcap.
The sleepcap releases spores at you but does no damage.
You hit the ogre but do no damage.
The ogre is lightly wounded.
You hit the sleepcap but do no damage. The ogre closely misses you.
The sleepcap releases spores at you.
* * * LOW HITPOINT WARNING * * *
You are engulfed in a cloud of soporific spores!
You fall asleep.
The sleepcap releases spores at you!
You wake up.
* * * LOW HITPOINT WARNING * * *
The ogre closely misses you.
You slash the ogre!
The ogre is heavily wounded.
You hit the sleepcap but do no damage. The sleepcap barely misses you.
You slash the ogre!
The ogre is almost dead.
You hit the sleepcap.
You destroy the sleepcap!
Beogh accepts your kill. The ogre barely misses you.
You barely miss the ogre.
The ogre is almost dead.
The ogre hits you with a +0 giant club.
You die...

..>..........
..#.......... ###
.....##...#### ....
.............##+####....
..##..............!.....
....<...................
.#.##...##..............
+.....##...............
###............@.......
#.......#####O.......
.........# ..####.##
..........# #.## #
..........# #. ........#
#' ######. #. ..


You could see an ogre.

Vanquished Creatures
  Eustachio (D:5)
  Menkaure (D:5)
  A black bear (D:2)
  An ogre (D:5)
  A phantom (D:4)
  2 centaurs
  A scorpion (D:5)
  A jelly (D:4)
  2 sleepcaps
  3 iguanas
  4 gnolls (D:3)
  7 adders
  3 worms
  5 orcs
  6 ball pythons
  5 bats
  4 endoplasms
  4 giant cockroaches (D:1)
  7 goblins
  7 hobgoblins
  2 jackals (D:2)
  6 quokkas
  3 frilled lizards
  8 kobolds
  6 rats
91 creatures vanquished.

Vanquished Creatures (others)
  An orc (D:3)
  An endoplasm (D:3)
  A frilled lizard (D:3)
3 creatures vanquished.

Grand Total: 94 creatures vanquished

Notes
Turn   | Place    | Note
-------+----------+-------------------------------------------
     0 | D:1      | cheesebisquit the Hill Orc Monk began the quest for the
                  | Orb.
     0 | D:1      | Reached XP level 1. HP: 19/19 MP: 1/1
   108 | D:1      | Reached XP level 2. HP: 27/27 MP: 2/2
   271 | D:1      | Reached skill level 1 in Armour
   565 | D:1      | Reached XP level 3. HP: 33/33 MP: 3/3
   958 | D:2      | Reached skill level 5 in Axes
  1021 | D:2      | Found a faded altar of an unknown god.
  1494 | D:2      | Reached XP level 4. HP: 40/40 MP: 4/4
  1576 | D:2      | Found a stormy altar of Qazlal.
  1585 | D:2      | Noticed a black bear
  1602 | D:2      | Killed a black bear
  1603 | D:2      | Reached skill level 6 in Axes
  1603 | D:2      | Reached XP level 5. HP: 16/47 MP: 5/5
  1868 | D:3      | Became a worshipper of Beogh the Brigand
  1868 | D:3      | Reached * piety under Beogh
  1868 | D:3      | Reached ** piety under Beogh
  2116 | D:3      | Found a stormy altar of Qazlal.
  2302 | D:3      | Found a broken altar of Ashenzari.
  2412 | D:3      | Reached skill level 5 in Fighting
  2412 | D:3      | Reached XP level 6. HP: 56/56 MP: 6/6
  2914 | D:4      | Reached skill level 7 in Axes
  2958 | D:4      | Identified the +1 ring mail "Ceez" {Rampage Regen+ Str-5
                  | Stlth+}
  3079 | D:4      | Reached XP level 7. HP: 52/61 MP: 7/7
  3511 | D:4      | Found a hazy altar of Hepliaklqana.
  3708 | D:5      | Entered Level 5 of the Dungeon
  3748 | D:5      | Reached skill level 8 in Axes
  3801 | D:5      | Noticed Menkaure
  3818 | D:5      | Killed Menkaure
  3846 | D:5      | Noticed Eustachio
  3855 | D:5      | Reached skill level 9 in Axes
  3855 | D:5      | Reached XP level 8. HP: 55/71 MP: 8/8
  3879 | D:5      | Killed Eustachio
  4118 | D:5      | Found a staircase to the Ecumenical Temple.
  4124 | Temple   | Entered the Ecumenical Temple
  4432 | D:6      | HP: 3/71 [sleepcap (13)]
  4435 | D:6      | Slain by an ogre

Illustrated notes

Levels and vault maps discovered:
D:1:      roderic_dead_forest, layout_loops_ring, nicolae_hexahallways,
          minmay_close_crescents
D:2:      layout_basic, hellmonk_ecumenical_altar_pennies_from_heaven,
          basic_altar, minmay_liquid_box
D:3:      layout_loops_corners, mainiacjoe_overflow_24_doors,
          mainiacjoe_overflow_chevrons
D:4:      layout_gridville, lemuel_coloured_pillars_altar, nrook_mini_vaults,
          columned_hall_lemuel, minmay_misc_feat_chi
D:5:      layout_basic, minmay_temple_entry_gardened_gates, uniq_eustachio,
          uniq_menkaure
D:6:      nicolae_cairo_tiling_very_big, layout_basic, nrook_loot_triangle
Temple:   hellmonk_temple_rainy

Skill      XL: |  1  2  3  4  5  6  7 |
---------------+----------------------+-----
Armour         | 1 2 3 4 |  4.9
Fighting       | 4 5 6 |  6.7
Axes           | 5 6 7 9 |  9.7
Dodging        | |  2.4

Action                     |  1- 3 |  4- 6 |  7- 9 || total
---------------------------+-------+-------+-------++-------
  Melee: Hand axe          |   104 |   113 |    81 ||   298
         War axe           |       |       |    16 ||    16
  Throw: Dart              |       |     3 |     8 ||    11
         Boomerang         |       |       |     7 ||     7
 Invoke: Convert to Beogh  |       |     1 |       ||     1
    Use: Scroll            |       |     9 |       ||     9
 Armour: Robe              |    18 |       |       ||    18
         Chain mail        |     1 |    67 |    38 ||   106
  Dodge: Dodged            |    67 |    50 |    40 ||   157
